 Dungeon Sprint DCSS version 0.24.0-123-gd5b16e6ec5 (webtiles) character file.

Game seed: 5995674356535898890, levelgen mode: deterministic

123 McKennaii the Destroyer (level 4, 0/33 HPs)
             Began as a Draconian Conjurer on Jan 26, 2020.
             Slain by a neqoxec (5 damage)
             ... in the Dungeon (Sprint II: "The Violet Keep of Menkaure").
             The game lasted 00:00:15 (28 turns).

McKennaii the Destroyer (Draconian Conjurer)          Turns: 28, Time: 00:00:16

Health: 0/33       AC:  5    Str:  8      XL:     4   Next: 79%
Magic:  4/9        EV: 13    Int: 10 (16) God:
Gold:   0          SH:  0    Dex: 12      Spells: 10/11 levels left

rFire    . . .     SeeInvis .   (no weapon)
rCold    . . .     Gourm    .   (no shield)
rNeg     . . .     Faith    .   (armour unavailable)
rPois    .         Spirit   .   (helmet restricted)
rElec    .         Reflect  .   (no cloak)
rCorr    .         Harm     .   (no gloves)
MR       .....     NoTele   +   (no boots)
Stlth    ++........             (no amulet)
HPRegen  0.11/turn              (no ring)
MPRegen  0.11/turn              (no ring)

@: berserk cooldown, slowed, very slow
A: unfitting armour, low mp 1, weak 1, cold-blooded, AC +5
a: no special abilities


You were in the Dungeon.
You were not hungry.

You visited 1 branch

Inventory:

Scrolls
 h - a scroll of blinking
Potions
 c - a potion of curing
 e - a potion of haste
 f - 2 potions of magic
Comestibles
 b - a ration


   Skills:
 + Level 3.0 Dodging
 + Level 2.7 Stealth
 * Level 4.3 Spellcasting
 + Level 8.9 Conjurations


You had 10 spell levels left.
You knew the following spells:

 Your Spells              Type           Power        Failure   Level  Hunger
a - Magic Dart            Conj           ###.         1%          1    #......

Your spell library contained the following spells:

 Spells                   Type           Power        Failure   Level  Hunger
 Searing Ray              Conj           ###...       1%          2    ##.....
 Iskenderun's Mystic Bla  Conj           ###.....     6%          4    #####..
 Dazzling Spray           Conj/Hex       ##....       12%         3    ###....
 Force Lance              Conj/Tloc      ##......     36%         4    #####..
 Fulminant Prism          Conj/Hex       ##........   36%         4    #####..


Dungeon Overview and Level Annotations

Branches:
Dungeon (1/1)

Altars:


Innate Abilities, Weirdness & Mutations

Your plain brown scales are hard. (AC +5)
You cannot fit into any form of body armour.
You are cold-blooded and may be slowed by cold attacks.
Your magical capacity is low. (-10% MP)
You are weak. (Str -2)


Message History

The neqoxec is severely wounded.
The shadow imp barely misses you. The shadow imp misses you.
The neqoxec gestures at you.
Something tries to feed on your intellect!
The neqoxec barely misses you. The shadow imp hits you.
* * * LOW HITPOINT WARNING * * *
The shadow imp hits you.
* * * LOW HITPOINT WARNING * * *
Casting: Magic Dart (safe; 1% risk of failure)
Confirm with . or Enter, or press ? or * to list all spells.
Aiming: Magic Dart (safe; 1% risk of failure)
Press: ? - help, Shift-Dir - straight line, f/p - neqoxec
Aim: a neqoxec (severely wounded)
The magic dart hits the neqoxec.
The neqoxec is severely wounded.
The neqoxec gestures.
The neqoxec closely misses you. The shadow imp hits you.
* * * LOW HITPOINT WARNING * * *
The shadow imp misses you. The neqoxec hits you.
You die... ## ### 5##55 # 533

#a #3#
#a.##@##
#+5<5+
#aa##.##
#. #+# #


You could see 3 neqoxecs, 2 quasits, 2 shadow imps and 2 ufetubi.

Vanquished Creatures
  A neqoxec (D)
1 creature vanquished.

Notes
Turn   | Place    | Note
-------+----------+-------------------------------------------
     0 | D        | McKennaii the Draconian Conjurer began the quest for the
                  | Orb.
     0 | D        | Reached XP level 1. HP: 14/14 MP: 3/3
     1 | D        | Noticed a worker ant
     1 | D        | Noticed a worker ant
     1 | D        | Noticed a worker ant
     1 | D        | Noticed a worker ant
     5 | D        | Noticed a neqoxec
     5 | D        | Noticed a neqoxec
     5 | D        | Noticed a neqoxec
     5 | D        | Noticed a neqoxec
     6 | D        | Gained mutation: You are weak. (Str -2) [a neqoxec]
     8 | D        | Noticed a quasit
    12 | D        | Killed a neqoxec
    12 | D        | Reached skill level 8 in Conjurations
    12 | D        | Reached XP level 2. HP: 20/20 MP: 4/7
    12 | D        | Reached XP level 3. HP: 26/26 MP: 4/8
    12 | D        | Reached XP level 4. HP: 33/33 MP: 5/10
    26 | D        | Gained mutation: Your magical capacity is low. (-10% MP) [a
                  | neqoxec]
    28 | D        | Slain by a neqoxec

Levels and vault maps discovered:
D:        the_violet_keep_of_menkaure [sprint2_stairs_cluster_1,
          sprint2_shoproom, sprint2_temple, sprint2_basic_supplies,
          sprint2_obstacle_7, sprint2_obstacle_1, sprint2_obstacle_5,
          sprint2_obstacle_4, sprint2_obstacle_3, sprint2_timed_cluster_1,
          sprint2_smallroom_cluster_1, sprint2_smallroom_final_cluster_1,
          sprint2_transparent_cluster_1, sprint2_second_timed_cluster_1,
          sprint2_sniper_area_1, sprint2_heavy_combat_area_1,
          sprint2_mutation_trap_area_1, sprint2_forest_area_1,
          sprint2_light_combat_area_1, sprint2_behind_water_1,
          sprint2_near_end_vault_1]

Skill      XL: |  1 |
---------------+----+-----
Dodging        | 3 |  3.0
Stealth        | 2 |  2.7
Spellcasting   | 4 |  4.3
Conjurations   | 8 |  8.9

Action                   |  1- 3 |  4- 6 || total
-------------------------+-------+-------++-------
Melee: Unarmed           |     5 |    11 ||    16
       Tailslap          |     2 |     2 ||     4
 Cast: Magic Dart        |       |     3 ||     3
  Use: Potion            |     1 |     1 ||     2
Dodge: Dodged            |     1 |     9 ||    10
